 Dungeon Crawl Stone Soup version 0.21-a0-426-g98080a9 (webtiles) character file.

40 Gorice the Poker (level 3, 0/26 HPs)
             Began as a Demonspawn Wanderer on Nov 7, 2017.
             Succumbed to an adder's poison
             ... on level 2 of the Dungeon.
             The game lasted 00:06:37 (1976 turns).

Gorice the Poker (Demonspawn Wanderer)              Turns: 1976, Time: 00:06:38

Health: 0/26       AC:  1    Str: 10    XL:     3   Next: 30%
Magic:  3/4        EV: 16    Int: 15    God:
Gold:   41         SH:  0    Dex: 16    Spells: 3/4 levels left

rFire    . . .     SeeInvis .   b - +0 spear
rCold    + . .     Gourm    .   (no shield)
rNeg     . . .     Faith    .   c - +0 robe
rPois    .         Spirit   .   (helmet restricted)
rElec    .         Reflect  .   (no cloak)
rCorr    .         Harm     .   (no gloves)
MR       .....     Rnd*Rage +   (no boots)
Stlth    ++........             (no amulet)
HPRegen  0.08/turn              (no ring)
MPRegen  0.09/turn              (no ring)

@: agile, lethally poisoned (0 -> -11), very slightly contaminated
A: antennae 1, berserk 1, cold resistance 1, deformed body, weak 1, evolution 1
a: no special abilities


You were on level 2 of the Dungeon.
You were not hungry.

You visited 1 branch of the dungeon, and saw 2 of its levels.

You collected 41 gold pieces.

Inventory:

Hand Weapons
 b - a +0 spear (weapon)
Missiles
 Y - 3 stones (quivered)
Armour
 c - a +0 robe (worn)
Potions
 i - a potion of lignification {unknown}
 j - a potion of heal wounds {unknown}
 k - a potion of berserk rage {unknown}
 l - a potion of flight {unknown}
Books
 a - a book of Air
Comestibles
 d - 2 bread rations {!e}
 f - 3 chunks of flesh


   Skills:
 - Level 1.0 Fighting
 * Level 2.4 Polearms
 - Level 1.7 Armour
   Level 1.0 Shields
 - Level 1.0 Spellcasting
 - Level 2.2 Conjurations
 - Level 2.0 Air Magic
   Level 1.0 Evocations


You had 3 spell levels left.
You knew the following spells:

 Your Spells              Type           Power        Failure   Level  Hunger
a - Shock                 Conj/Air       #...         11%         1    ##.....


Dungeon Overview and Level Annotations

Branches:
Dungeon (2/15)

Altars:


Innate Abilities, Weirdness & Mutations

You have a pair of small antennae on your head.
Your flesh is cold resistant. (rC+)
You tend to lose your temper in combat.
Armour fits poorly on your strangely shaped body.
You are weak. (Str -2)
You evolve.


Message History

The adder is severely wounded.
You feel sick. The adder bites you.
* * * LOW HITPOINT WARNING * * *
Damage: 1 (max 6)
You barely miss the adder.
The adder is severely wounded.
The adder closely misses you.
Unknown command.
You barely miss the adder.
The adder is severely wounded.
* * * LOW HITPOINT WARNING * * *
You feel sick. The adder closely misses you.
Damage: 1 (max 6) Unknown command.
You barely miss the adder.
The adder is severely wounded.
The adder barely misses you. The adder bites you.
* * * LOW HITPOINT WARNING * * *
Damage: 1 (max 6) Unknown command.
You barely miss the adder.
The adder is heavily wounded.
* * * LOW HITPOINT WARNING * * *
You feel sick. The adder bites you.
* * * LOW HITPOINT WARNING * * *
You are more poisoned.
The adder poisons you!
Damage: 3 (max 6) Unknown command.
Unknown command.
Casting: Shock
Confirm with . or Enter, or press ? or * to list all spells.
Aiming: Shock
Press: ? - help, Shift-Dir - straight line, f/p - adder
Aim: an adder (heavily wounded) That beam is likely to hit you.
Continue anyway?
You miscast Shock.
You are very lightly contaminated with residual magic.
Sparks fly from your hands!
* * * LOW HITPOINT WARNING * * *
You feel sick. The adder bites you.
* * * LOW HITPOINT WARNING * * *
Damage: 2 (max 6) It was a potion of agility.
You feel agile all of a sudden. The adder bites you but does no damage.
It was a potion of mutation.
You feel extremely strange.
You feel weaker.
You feel a little pissed off.
Your body twists and deforms.
You feel nature experimenting on you.
Don't worry, failures die fast.
You die...

.# #+# .# #.# .#
#.# .# ##.## ###.#
##...###### ..%
..........# #S#
##...####.######@#
###.## #........#
### ##########


You could see an adder.

Vanquished Creatures
  A worm (D:2)
  2 dart slugs (D:1)
  A leopard gecko (D:1)
  2 bats
  A giant cockroach (D:1)
  3 goblins
  5 hobgoblins
  4 jackals
  3 kobolds (D:1)
  10 rats
32 creatures vanquished.

Notes
Turn   | Place    | Note
-------+----------+-------------------------------------------
     0 | D:1      | Gorice the Demonspawn Wanderer began the quest for the Orb.
     0 | D:1      | Gorice set off with: a book of Air, a +0 spear, a +0 robe, a bread ration {!e}
     0 | D:1      | Reached XP level 1. HP: 15/15 MP: 2/2
     4 | D:1      | Learned a level 1 spell: Shock
    39 | D:1      | Reached skill level 2 in Air Magic
   266 | D:1      | Gained mutation: Your flesh is cold resistant. (rC+) [demonic ancestry]
   266 | D:1      | Reached XP level 2. HP: 10/21 MP: 1/3
   437 | D:1      | Reached skill level 1 in Polearms
  1046 | D:1      | Reached skill level 2 in Polearms
  1329 | D:1      | Gained mutation: You have a pair of small antennae on your head. [demonic ancestry]
  1329 | D:1      | Reached XP level 3. HP: 14/26 MP: 4/4
  1567 | D:2      | HP: 7/26 [jackal (2)]
  1971 | D:2      | HP: 7/26 [poisoned by an adder]
  1973 | D:2      | HP: 3/26 [adder (2)]
  1974 | D:2      | HP: 1/26 [adder (1)]
  1976 | D:2      | Gained mutation: You are weak. (Str -2) [potion of mutation]
  1976 | D:2      | Gained mutation: You tend to lose your temper in combat. [potion of mutation]
  1976 | D:2      | Gained mutation: Armour fits poorly on your strangely shaped body. [potion of mutation]
  1976 | D:2      | Gained mutation: You evolve. [potion of mutation]
  1976 | D:2      | Succumbed to an adder's poison

Vault maps used:
D:1:      saegor_arrival_simple_a, minivault_14
D:2:      first_bread

Skill      XL: |  1  2 |
---------------+-------+-----
Air Magic      | 2 |  2.0
Polearms       | 2 |  2.4
Fighting       | |  1.0
Armour         | |  1.7
Shields        | |  1.0
Spellcasting   | |  1.0
Conjurations   | |  2.2
Evocations     | |  1.0

Action                   || total
-------------------------++-------
Melee: Spear             ||   137
Throw: Stone             ||     3
 Cast: Shock             ||     7
  Use: Scroll            ||     1
       Potion            ||     2
 Stab: Sleeping          ||     2
  Eat: Chunk             ||     4
Armor: Robe              ||    18
Dodge: Dodged            ||    54

Table legend:
 A = Spawn XP
 B = Non-spawn XP
 C = Spawn XP percentage of total XP
 D = Spawn monster count
 E = Non-spawn monster count
 F = Spawn count percentage of total count
 G = Total turns spent on level
                    A         B        C        D         E        F      G
               +---------+---------+-------+---------+---------+-------+---------
         Total |       0 |      58 |   0.0 |       0 |      32 |   0.0 |  1976
               +---------+---------+-------+---------+---------+-------+---------
           D:1 |       0 |      42 |   0.0 |       0 |      23 |   0.0 |  1392
           D:2 |       0 |      16 |   0.0 |       0 |       9 |   0.0 |   584
               +---------+---------+-------+---------+---------+-------+---------

Table legend:
 A = Turns spent in this place as a percentage of turns spent in the entire game.
 B = Non-inter-level travel turns spent in this place as a percentage of non-inter-level travel turns spent in the entire game.
 C = Inter-level travel turns spent in this place as a percentage of turns spent in this place.
 D = Turns resting spent in this place as a percentage of non-inter-level travel turns spent in this place.
 E = Turns spent auto-exploring this place as a percentage of non-inter-level travel turns spent in this place.
 F = Non-inter-level travel turns spent in this place divided by the number of levels of this place that you've seen.
                   A       B       C       D       E      F
               +-------+-------+-------+-------+-------+----------------------
         Total | 100.0 | 100.0 |   4.9 |  35.4 |  44.3 | 939.5
       Dungeon | 100.0 | 100.0 |   4.9 |  35.4 |  44.3 | 939.5
               +-------+-------+-------+-------+-------+----------------------

Vault maps used:
D:1:      saegor_arrival_simple_a, minivault_14
D:2:      first_bread
